 Dungeon Crawl Stone Soup version 0.31-a0-198-g2ad674f65e (webtiles) character file.

Game seed: 4401805856971065291

2814 qw the Skirmisher (level 9, -17/52 (53) HPs)
             Began as a Deep Elf Hunter on June 25, 2023.
             Demolished by a wight
             ... wielding a +5 great sword
              (19 damage)
             ... on level 7 of the Dungeon.
             The game lasted 00:02:58 (5601 turns).

qw the Skirmisher (Deep Elf Hunter)                 Turns: 5601, Time: 00:02:59

HP:   -17/52 (53)   AC: 14    Str: 12    XL:     9   Next: 44%
MP:   11/11         EV: 14    Int: 15    God:
Gold: 197           SH:  0    Dex: 18    Spells: 8/8 levels left

rFire   . . .        p - +3 shortbow (heavy)
rCold   . . .        (shield currently unavailable)
rNeg    . . .        b - +3 ring mail
rPois   .            n - +0 helmet
rElec   .            (no cloak)
rCorr   .            (no gloves)
SInv    +            h - +0 pair of boots
Will    .....        f - amulet of the acrobat
Stlth   +            e - +4 ring of protection
HPRegen 0.28/turn    r - ring of see invisible
MPRegen 0.12/turn

%: acrobat
@: about to teleport, lightly drained
A: no striking features
a: no special abilities


You were on level 7 of the Dungeon.
You visited 1 branch of the dungeon, and saw 7 of its levels.

You collected 342 gold pieces.
You spent 145 gold pieces at shops.


   Skills:
 - Level 4.8 Fighting
 - Level 14.0 Ranged Weapons
 - Level 2.4 Armour
 + Level 6.5 Dodging
 - Level 1.2 Stealth


You had 8 spell levels left.
You didn't know any spells.
Your spell library was empty.

Inventory:

Hand Weapons
 p - a +3 heavy shortbow (weapon)
Armour
 b - a +3 ring mail (worn)
 h - a +0 pair of boots (worn)
 n - a +0 helmet (worn)
Jewellery
 e - a +4 ring of protection (left hand)
 f - an amulet of the acrobat (around neck)
 r - a ring of see invisible (right hand)
 s - a ring of protection from cold
Wands
 k - a wand of digging (2)
Scrolls
 d - 4 scrolls of identify
 i - 3 scrolls of teleportation
 m - a scroll of enchant weapon
Potions
 a - a potion of enlightenment
 c - 4 potions of curing
 g - 3 potions of might
 j - a potion of resistance
 l - a potion of haste

Dungeon Overview and Level Annotations

Branches:
Dungeon (7/15)
 Temple: D:4-7

Altars:
Fedhas
Kikubaaqudgha

Shops:
D:4 *(=?*   D:7 *

Annotations:
D:5 4 runed translucent doors, Crazy Yiuf; qw's ghost, amateur DEHu


Message History

The wight barely misses you. The wight closely misses you.
The gnoll sergeant hits you from afar with a +0 spear.
A kobold comes into view. It is wielding a +0 whip.
You shoot an arrow. The arrow hits the wight.
The wight is heavily damaged.
The wight hits you with a +5 great sword!
The gnoll sergeant closely misses you. The wight hits you but does no damage.
You shoot an arrow. The arrow barely misses the wight.
The wight barely misses you.
The gnoll sergeant hits you but does no damage.
The wight barely misses you.
A kobold comes into view. It is wielding a +0 whip.
The wight hits you but does no damage. The wight closely misses you.
The gnoll sergeant misses you.
You shoot an arrow. The kobold shouts!
The arrow hits the wight!
You destroy the wight!
The wight hits you but does no damage.
The gnoll sergeant hits you but does no damage.
You shoot an arrow. The arrow hits the wight.
The wight is lightly damaged.
The wight hits you with a +5 great sword.
The gnoll sergeant hits you but does no damage.
5599 ||| READING 4 scrolls of teleportation.
As you read the scroll of teleportation, it crumbles to dust.
You feel strangely unstable. The wight barely misses you.
The gnoll sergeant barely misses you. The kobold misses you.
You shoot an arrow. The arrow hits the wight.
The wight is moderately damaged.
The wight hits you with a +5 great sword!
You feel drained.
The gnoll sergeant hits you from afar with a +0 spear.
The kobold closely misses you.
You shoot an arrow.
The arrow hits the wight but does no damage.
The wight is moderately damaged.
The wight hits you with a +5 great sword!!
You die...

##..)....# #.# ##....###
#.###### ##..).# #......#
###..#####.####.#
####.......##.####.#
#..>.).K...##...##.####...
#.........)g)g...#........
#>.......Kz##)#...........
#.......)K@##.g..#########
#..........##.#.##
#..........##g#.#
#############...# #..##
#..### #....#
########....#
..........########


You could see a gnoll sergeant, a wight and 3 kobolds.

Vanquished Creatures
  A manticore (D:7)
  Sigmund (D:4)
  Duvessa (D:7)
  2 water moccasins
  An ice beast (D:6)
  An ogre (D:6)
  2 orc warriors
  A centaur (D:6)
  A phantom (D:5)
  A kobold brigand (D:7)
  A bullfrog (D:6)
  5 scorpions
  3 wights (D:7)
  Dowan (D:7)
  2 hounds
  An orc priest (D:7)
  5 jellies
  5 sleepcaps
  3 iguanas
  4 orc wizards
  5 gnolls
  8 adders
  4 white imps
  An ufetubus (D:4)
  A worm (D:2)
  3 dart slugs
  21 orcs
  5 ball pythons
  A bat zombie (D:6)
  10 endoplasms
  3 giant cockroaches
  6 goblins
  7 hobgoblins
  3 jackals (D:1)
  12 kobolds
  7 quokkas
  5 bats
  6 frilled lizards
  4 rats
  3 rat zombies (D:6)
157 creatures vanquished.

Notes
Turn   | Place    | Note
-------+----------+-------------------------------------------
     0 | D:1      | qw the Deep Elf Hunter began the quest for the Orb.
     0 | D:1      | Reached XP level 1. HP: 12/12 MP: 3/3
     0 | D:1      | 0 ||| qw: Version: 0.3-a-22-g0ed2b0b
     0 | D:1      | 0 ||| qw: Game counter: 5391
     0 | D:1      | 0 ||| qw: Melee chars always use a shield: true
     0 | D:1      | 0 ||| qw: God list: Okawaru
     0 | D:1      | 0 ||| qw: Allow faded altars: false
     0 | D:1      | 0 ||| qw: Do Orc after clearing Dungeon:15 true
     0 | D:1      | 0 ||| qw: Do second Lair branch before Depths: true
     0 | D:1      | 0 ||| qw: Lair rune preference: random
     0 | D:1      | 0 ||| qw: Goals: Normal
     0 | D:1      | 0 ||| PLANNING D:1-11
   172 | D:1      | Reached XP level 2. HP: 16/16 MP: 4/4
   177 | D:1      | Reached skill level 6 in Ranged Weapons
   453 | D:1      | Reached XP level 3. HP: 20/20 MP: 5/5
   573 | D:1      | 573 ||| UPGRADING to +0 pair of boots.
   578 | D:1      | 578 ||| UPGRADING to +4 ring of protection.
   579 | D:1      | 579 ||| READING scroll labelled ZAIKLO NU LAU.
   580 | D:1      | 580 ||| READING scroll labelled TINTUH AGYOT.
   581 | D:1      | 581 ||| DROPPING scroll of butterflies.
   654 | D:2      | Reached skill level 7 in Ranged Weapons
   717 | D:2      | HP: 5/20 [frozen (1)]
  1005 | D:2      | 1005 ||| UPGRADING to +3 ring mail.
  1015 | D:2      | 1015 ||| DROPPING +0 leather armour.
  1016 | D:2      | 1016 ||| UPGRADING to amulet of the acrobat.
  1021 | D:2      | 1021 ||| READING 2 scrolls labelled OTULAE MAITH.
  1024 | D:2      | 1024 ||| READING scroll labelled DUKUAKO XIGH.
  1025 | D:2      | 1025 ||| DRINKING 4 red potions.
  1044 | D:3      | Reached XP level 4. HP: 25/25 MP: 6/6
  1333 | D:3      | Reached skill level 8 in Ranged Weapons
  1605 | D:3      | 1605 ||| UPGRADING to +0 helmet.
  1610 | D:3      | 1610 ||| READING scroll labelled SATUSI YCVISET.
  1611 | D:3      | 1611 ||| READING scroll labelled WASTREINOONN.
  1612 | D:3      | 1612 ||| READING scroll labelled LOEWUI JADA.
  1613 | D:3      | 1613 ||| READING scroll labelled JELYUSIFOMN.
  1614 | D:3      | 1614 ||| DRINKING 2 smoky amethyst potions.
  1615 | D:3      | 1615 ||| DRINKING 2 fuming yellow potions.
  1616 | D:3      | 1616 ||| DROPPING potion of attraction.
  1660 | D:4      | Noticed a scorpion
  1663 | D:4      | Killed a scorpion
  1664 | D:4      | Reached XP level 5. HP: 29/29 MP: 7/7
  1702 | D:4      | Reached skill level 9 in Ranged Weapons
  1774 | D:4      | Found Joezxou's Magic Scroll Boutique.
  1784 | D:4      | 1784 ||| BUYING scroll of enchant weapon (105 gold).
  1784 | D:4      | Bought a scroll of enchant weapon for 105 gold pieces
  1784 | D:4      | 1784 ||| SHOPLISTING scroll of identify (28 gold, have 15).
  1784 | D:4      | 1784 ||| SHOPLISTING scroll of teleportation (42 gold, have
                  | 15).
  1784 | D:4      | 1784 ||| READING scroll of enchant weapon.
  1784 | D:4      | 1784 ||| ENCHANTING +1 heavy shortbow.
  1797 | D:4      | Reached skill level 1 in Armour
  1883 | D:4      | Reached XP level 6. HP: 35/35 MP: 8/8
  1906 | D:4      | Noticed Sigmund
  1909 | D:4      | Killed Sigmund
  1910 | D:4      | Reached skill level 10 in Ranged Weapons
  1914 | D:4      | Found Wixzaz's Jewellery Emporium.
  1920 | D:4      | Found Mischeusa's Weapon Shop.
  1924 | D:4      | 1924 ||| SHOPLISTING +4 ring of protection (504 gold, have
                  | 27).
  1924 | D:4      | 1924 ||| SHOPLISTING ring of fire (350 gold, have 27).
  1924 | D:4      | 1924 ||| SHOPLISTING ring of protection from cold (350
                  | gold, have 27).
  1924 | D:4      | 1924 ||| SHOPLISTING ring of see invisible (210 gold, have
                  | 27).
  1945 | D:4      | Reached skill level 3 in Dodging
  1945 | D:4      | Reached XP level 7. HP: 40/40 MP: 9/9
  1980 | D:4      | Found Qitrist's Assorted Antiques.
  1988 | D:4      | 1988 ||| SHOPLISTING 2 inky potions (36 gold, have 35).
  1988 | D:4      | 1988 ||| SHOPLISTING blackened bone wand (80 gold, have
                  | 35).
  1988 | D:4      | 1988 ||| SHOPLISTING glass wand (80 gold, have 35).
  1988 | D:4      | 1988 ||| SHOPLISTING jewelled brass wand (80 gold, have
                  | 35).
  1988 | D:4      | 1988 ||| SHOPLISTING pair of gloves (90 gold, have 35).
  1988 | D:4      | 1988 ||| BUYING yellow potion (18 gold).
  1988 | D:4      | Bought a yellow potion for 18 gold pieces
  2130 | D:4      | Found Feom's General Store.
  2135 | D:4      | 2135 ||| BUYING scroll of identify (22 gold).
  2135 | D:4      | Bought a scroll of identify for 22 gold pieces
  2232 | D:4      | 2232 ||| DRINKING 2 purple potions.
  2233 | D:4      | 2233 ||| DRINKING 2 golden potions.
  2234 | D:4      | 2234 ||| READING 2 scrolls of identify.
  2234 | D:4      | 2234 ||| IDENTIFYING metallic red potion
  2235 | D:4      | 2235 ||| DROPPING potion of brilliance.
  2243 | D:5      | Entered Level 5 of the Dungeon
  2250 | D:5      | Reached skill level 11 in Ranged Weapons
  2253 | D:5      | HP: 9/40 [poisoned by a water moccasin]
  2257 | D:5      | HP: 4/40 [poisoned by a water moccasin]
  2702 | D:5      | HP: 10/40 [poisoned by a scorpion]
  2856 | D:5      | Found a runed translucent gate.
  2859 | D:5      | Found a runed translucent gate.
  2865 | D:5      | Noticed qw's ghost (amateur DEHu)
  2906 | D:5      | Reached skill level 12 in Ranged Weapons
  3039 | D:5      | Found a runed translucent gate.
  3235 | D:5      | You fall into a shaft and drop 1 floor!
  3269 | D:6      | Reached skill level 3 in Fighting
  3269 | D:6      | Reached XP level 8. HP: 46/46 MP: 10/10
  3315 | D:6      | 3315 ||| UPGRADING to ring of see invisible.
  3316 | D:6      | 3316 ||| READING 2 scrolls labelled HUMUFF HUONEUH.
  3417 | D:6      | 3417 ||| READING scroll labelled LEZUD QIKA.
  3418 | D:6      | 3418 ||| READING 2 scrolls of identify.
  3418 | D:6      | 3418 ||| IDENTIFYING yellow potion
  3419 | D:6      | 3419 ||| DROPPING scroll of silence.
  3480 | D:5      | Found a runed translucent door.
  3481 | D:5      | Noticed Crazy Yiuf
  4141 | D:6      | Found a blossoming altar of Fedhas.
  4221 | D:6      | Reached skill level 13 in Ranged Weapons
  4375 | D:6      | 4375 ||| READING scroll of enchant weapon.
  4375 | D:6      | 4375 ||| ENCHANTING +2 heavy shortbow.
  4771 | D:6      | Reached skill level 14 in Ranged Weapons
  4858 | D:6      | Found an ancient bone altar of Kikubaaqudgha.
  4946 | D:6      | 4946 ||| READING scroll labelled OPLEUQ LAB.
  4947 | D:6      | 4947 ||| READING scroll labelled FETHYR WIUGIA.
  4948 | D:6      | 4948 ||| DRINKING 3 glowing cyan potions.
  4983 | D:6      | 4983 ||| READING 5 scrolls of identify.
  4983 | D:6      | 4983 ||| IDENTIFYING pink potion
  4984 | D:6      | 4984 ||| DROPPING 2 potions of lignification.
  4985 | D:6      | 4985 ||| DROPPING potion of invisibility.
  5010 | D:7      | Found Neuxoim's Gadget Gallery.
  5016 | D:7      | 5016 ||| Stepping ~*~*~tactically~*~*~ (outnumbered).
  5131 | D:7      | 5131 ||| SHOPLISTING wand of digging (5) (273 gold, have
                  | 177).
  5215 | D:7      | Noticed a manticore
  5222 | D:7      | HP: 10/46 [manticore (2)]
  5223 | D:7      | 5223 ||| READING 5 scrolls of teleportation.
  5223 | D:7      | HP: 4/46 [manticore (5)]
  5224 | D:7      | Killed a manticore
  5225 | D:7      | Reached XP level 9. HP: 5/53 MP: 11/11
  5437 | D:7      | Noticed Duvessa
  5439 | D:7      | Noticed Dowan
  5441 | D:7      | 5441 ||| FLEEEEING.
  5444 | D:7      | Killed Duvessa
  5449 | D:7      | Killed Dowan
  5556 | D:7      | 5556 ||| FLEEEEING.
  5557 | D:7      | 5557 ||| FLEEEEING.
  5560 | D:7      | 5560 ||| FLEEEEING.
  5561 | D:7      | 5561 ||| FLEEEEING.
  5562 | D:7      | 5562 ||| FLEEEEING.
  5563 | D:7      | 5563 ||| FLEEEEING.
  5564 | D:7      | 5564 ||| FLEEEEING.
  5565 | D:7      | 5565 ||| FLEEEEING.
  5566 | D:7      | 5566 ||| FLEEEEING.
  5567 | D:7      | 5567 ||| FLEEEEING.
  5568 | D:7      | 5568 ||| FLEEEEING.
  5569 | D:7      | 5569 ||| FLEEEEING.
  5575 | D:7      | Reached skill level 6 in Dodging
  5582 | D:7      | 5582 ||| FLEEEEING.
  5582 | D:7      | Identified the +0 leather armour "Sede Segg" {rPois Regen+
                  | Int+3}
  5583 | D:7      | 5583 ||| Stepping ~*~*~tactically~*~*~ (outnumbered).
  5588 | D:7      | 5588 ||| Stepping ~*~*~tactically~*~*~ (outnumbered).
  5590 | D:7      | 5590 ||| Stepping ~*~*~tactically~*~*~ (outnumbered).
  5598 | D:7      | HP: 10/53 [wight/+5 great sword (5)]
  5599 | D:7      | 5599 ||| READING 4 scrolls of teleportation.
  5600 | D:7      | HP: 4/53 [wight/+5 great sword (7)]
  5601 | D:7      | Demolished by a wight

Levels and vault maps discovered:
D:1:      eino_arrival_water_star, layout_rooms
D:2:      layout_basic
D:3:      layout_loops_ring
D:4:      layout_basic, serial_shops, shop, nicolae_shop_pleasant_corner_grove,
          shop, nicolae_shop_gibbet_a_chance, nicolae_shop_overgrown_old_shop,
          uniq_sigmund
D:5:      wad_crossroads, layout_basic, gammafunk_ghost_split,
          uniq_crazy_yiuf_cottage
D:6:      layout_gridville, lemuel_zombie_altar_kikubaaqudgha,
          kennysheep_mini_moat
D:7:      minmay_opposing_rooms, layout_loops_cross,
          minmay_temple_entry_large_hall, serial_shops,
          nicolae_shop_real_fake_doors, roderic_lattice_a, nrook_mini_backslash,
          nicolae_shop_gadgets, uniq_duvessa

Skill      XL: |  1  2  3  4  5  6  7  8  9 |
---------------+----------------------------+-----
Ranged Weapons | 6 7 8 9 10 12 14 | 14.0
Fighting       | 2 3 4 |  4.8
Armour         | 1 2 |  2.4
Dodging        | 3 5 6 |  6.5
Stealth        | |  1.2

Action                     |  1- 3 |  4- 6 |  7- 9 || total
---------------------------+-------+-------+-------++-------
   Fire: Shortbow          |   119 |   128 |   223 ||   470
    Use: Scroll            |     4 |     5 |    10 ||    19
         Potion            |     1 |     2 |     3 ||     6
 Armour: Leather armour    |    13 |       |       ||    13
         Ring mail         |     1 |    37 |    42 ||    80
  Dodge: Dodged            |    25 |    42 |    58 ||   125

Table legend:
 A = Non-vault XP
 B = Vault XP
 C = Vault XP percentage of total XP
 D = Non-vault monster count
 E = Vault monster count
 F = Vault count percentage of total count
                 A         B        C        D         E       F
            +---------+---------+-------+---------+---------+-------
      Total |    2844 |    1176 |  29.3 |     145 |      12 |   7.6
            +---------+---------+-------+---------+---------+-------
        D:1 |      43 |       0 |   0.0 |      24 |       0 |   0.0
        D:2 |      53 |       0 |   0.0 |      17 |       0 |   0.0
        D:3 |      72 |       0 |   0.0 |      21 |       0 |   0.0
        D:4 |     372 |     239 |  39.1 |      29 |       1 |   3.3
        D:5 |     450 |     169 |  27.3 |      10 |       4 |  28.6
        D:6 |    1122 |       5 |   0.4 |      22 |       4 |  15.4
        D:7 |     732 |     763 |  51.0 |      22 |       3 |  12.0
            +---------+---------+-------+---------+---------+-------
